 Dungeon Crawl Stone Soup version 0.23.2-11-gf996548 (webtiles) character file.

Game seed: 742385683180553265

2235 Fang the Skirmisher (level 9, -1/57 HPs)
             Began as a Gargoyle Berserker on June 3, 2019.
             Was an Elder of Trog.
             Slain by a basilisk (11 damage)
             ... on level 7 of the Dungeon.
             The game lasted 00:06:28 (6866 turns).

Fang the Skirmisher (Gargoyle Berserker)            Turns: 6866, Time: 00:06:29

Health: -1/57      AC: 16    Str: 24    XL:     9   Next: 36%
Magic:  9/9        EV: 10    Int:  8    God:    Trog [****..]
Gold:   402        SH:  0    Dex:  9    Spells: 8/8 levels left

rFire    . . .     SeeInvis .   a - +0 war axe
rCold    . . .     Gourm    .   (no shield)
rNeg     + . .     Faith    .   b - +0 chain mail
rPois    ∞         Spirit   .   (no helmet)
rElec    +         Reflect  .   s - scarf {repulsion}
rCorr    +         Harm     .   (no gloves)
MR       .....                  (no boots)
Stlth    ..........             (no amulet)
HPRegen  0.19/turn              r - ring of resist corrosion
MPRegen  0.11/turn              t - ring of attention (curse)

@: berserk cooldown, slowed, repel missiles, very slow
A: negative energy resistance 1, electricity resistance, unbreathing,
petrification resistance, rot immunity, AC +6
a: Berserk, Trog's Hand, Brothers in Arms, Renounce Religion


You were on level 7 of the Dungeon.
You worshipped Trog.
Trog was greatly pleased with you.
You were very hungry.

You visited 2 branches of the dungeon, and saw 9 of its levels.

You collected 402 gold pieces.

Inventory:

Hand Weapons
 a - a +0 war axe (weapon)
Armour
 b - a +0 chain mail (worn)
 s - a scarf of repulsion (worn)
Jewellery
 r - a ring of resist corrosion (left hand)
 t - a cursed ring of attention (right hand)
 y - an uncursed ring of protection from fire
 D - an uncursed ring of stealth
Wands
 n - a wand of flame (22)
Scrolls
 e - 2 scrolls of fear {unknown}
 g - a scroll of enchant armour {unknown}
 j - a scroll of noise {unknown}
 l - a scroll of magic mapping {unknown}
 m - 4 scrolls of teleportation {unknown}
 o - 4 scrolls of blinking {unknown}
 p - a scroll of random uselessness {unknown}
 q - 3 scrolls of identify {unknown}
 u - 5 scrolls of remove curse {unknown}
 v - a scroll of fog {unknown}
 w - a scroll of amnesia {unknown}
 C - a scroll of enchant weapon {unknown}
Potions
 d - a potion of might {unknown}
 f - a potion of magic {unknown}
 h - 3 potions of curing {unknown}
 i - 3 potions of lignification {unknown}
 k - 3 potions of brilliance {unknown}
 x - a potion of agility
 z - a potion of cancellation {unknown}
 A - a potion of haste {unknown}
 B - a potion of heal wounds {unknown}
 F - a potion of ambrosia {unknown}
Comestibles
 c - 14 rations


   Skills:
 + Level 7.5 Fighting
 + Level 6.1 Axes
 + Level 6.9 Armour
 + Level 5.2 Dodging


You had 8 spell levels left.
You didn't know any spells.
Your spell library was empty.

Dungeon Overview and Level Annotations

Branches:
Dungeon (8/15)             Temple (1/1) D:4
   Lair: D:8-11

Altars:
Ashenzari
Cheibriados
Dithmenos
Elyvilon
Fedhas
Makhleb
Nemelex Xobeh
Okawaru
Qazlal
Ru
Sif Muna
Uskayaw
Wu Jian
Xom
Yredelemnul
Zin


Innate Abilities, Weirdness & Mutations

You are resistant to torment.
Your stone body is resilient. (AC +6)
You are immune to poison.
You resist negative energy. (rN+)
You are resistant to electric shocks. (rElec)
You can survive without breathing.
You are immune to petrification.
You are immune to rotting.


Message History

The basilisk gazes at you.
You are unaffected.
The gnoll hits you but does no damage.
You barely miss the basilisk.
The basilisk is moderately wounded.
You hit the gnoll. The basilisk barely misses you. The gnoll misses you.
The basilisk gazes at you. You resist with some effort.
The gnoll barely misses you.
Your chain mail prevents you from hitting the basilisk.
The basilisk is moderately wounded.
You hit the gnoll. The basilisk gazes at you. You resist with some effort.
The gnoll hits you but does no damage. The basilisk bites you.
* * * LOW HITPOINT WARNING * * *
The gnoll hits you but does no damage.
You hit the basilisk.
The basilisk is heavily wounded.
You hit the gnoll but do no damage. The basilisk closely misses you.
The gnoll hits you but does no damage. The basilisk bites you!
You die...

######.## #.#.
#...##..# #.#.
#...###.# #.#. #...#
#.# #.#. #...# #.#
###.#) #...# #.##
##.(..÷ #...# #..##
##...)([ #.g.#
##..###....... #.>@#
#............. #..l#
#.............
#...###.........(...
##.#................
#......#####.......
#.......# #.......
#.......# #.......
#.......# #.......
##.....## #.......


You could see a basilisk and a gnoll.

Vanquished Creatures
  A sky beast (D:5)
  2 black bears
  3 ogres
  A big kobold (D:7)
  3 bullfrogs
  3 scorpions
  A water moccasin skeleton (D:7)
  2 howler monkeys (D:6)
  3 crimson imps
  A bullfrog zombie (D:7)
  2 bullfrog skeletons
  2 hounds
  4 orc priests
  6 orc wizards
  2 centaur skeletons
  A gnoll shaman (D:5)
  3 iguanas
  5 worker ants
  A hound zombie (D:6)
  13 adders
  5 gnolls
  A howler monkey skeleton (D:5)
  2 shadow imps (D:5)
  3 oozes
  3 adder skeletons
  A worm (D:2)
  4 dart slugs
  2 leopard geckos
  27 orcs
  2 ball pythons
  4 giant cockroaches
  7 hobgoblins
  10 jackals
  17 kobolds
  A quokka (D:2)
  9 bats
  4 frilled lizards
  6 goblins
  A jackal skeleton (D:5)
  2 jackal zombies (D:5)
  2 leopard gecko skeletons (D:6)
  A quokka skeleton (D:4)
  A quokka zombie (D:6)
  10 rats
184 creatures vanquished.

Vanquished Creatures (others)
  A plant (D:8)
1 creature vanquished.

Grand Total: 185 creatures vanquished

Notes
Turn   | Place    | Note
-------+----------+-------------------------------------------
     0 | D:1      | Fang the Gargoyle Berserker began the quest for the Orb.
     0 | D:1      | Reached XP level 1. HP: 14/14 MP: 1/1
    72 | D:1      | Reached XP level 2. HP: 14/19 MP: 2/2
   355 | D:1      | Reached XP level 3. HP: 19/23 MP: 3/3
   982 | D:2      | Reached ** piety under Trog
   982 | D:2      | Reached XP level 4. HP: 9/29 MP: 4/4
  1305 | D:2      | Reached skill level 4 in Fighting
  2163 | D:2      | Reached XP level 5. HP: 33/33 MP: 5/5
  2263 | D:3      | Found a white marble altar of Elyvilon.
  2658 | D:3      | Found an iron altar of Okawaru.
  3053 | D:4      | Found a staircase to the Ecumenical Temple.
  3059 | D:4      | Noticed an ogre
  3070 | D:4      | Killed an ogre
  3070 | D:4      | Reached XP level 6. HP: 9/39 MP: 6/6
  3086 | Temple   | Entered the Ecumenical Temple
  3640 | D:4      | HP: 2/40 [orc priest/divine providence (13)]
  3643 | D:4      | Reached skill level 5 in Fighting
  3648 | D:4      | Reached XP level 7. HP: 5/44 MP: 7/7
  4051 | D:5      | Entered Level 5 of the Dungeon
  4060 | D:5      | Reached *** piety under Trog
  4458 | D:5      | Reached skill level 5 in Armour
  4811 | D:5      | Reached XP level 8. HP: 48/51 MP: 8/8
  4822 | D:5      | Reached skill level 6 in Fighting
  4901 | D:5      | Reached skill level 5 in Axes
  5616 | D:6      | Reached **** piety under Trog
  5868 | D:6      | Found a snail-covered altar of Cheibriados.
  6003 | D:6      | Received a gift from Trog
  6023 | D:6      | Reached skill level 7 in Fighting
  6023 | D:6      | Reached XP level 9. HP: 49/57 MP: 9/9
  6458 | D:7      | Reached skill level 5 in Dodging
  6732 | D:7      | Found a glowing silver altar of Zin.
  6733 | D:7      | Noticed an angel
  6848 | D:8      | Noticed a two-headed ogre
  6866 | D:7      | Slain by a basilisk

Skill      XL: |  1  2  3  4  5  6  7  8  9 |
---------------+----------------------------+-----
Axes           | 3 4 5 6 |  6.1
Dodging        | 2 3 4 5 |  5.2
Armour         | 3 4 5 6 |  6.9
Fighting       | 4 5 7 |  7.5

Action                   |  1- 3 |  4- 6 |  7- 9 || total
-------------------------+-------+-------+-------++-------
Melee: Hand axe          |   109 |   176 |       ||   285
       War axe           |       |    40 |   333 ||   373
Invok: Berserk           |     1 |     3 |     5 ||     9
 Stab: Sleeping          |     1 |       |       ||     1
  Eat: Chunk             |       |    12 |    15 ||    27
Armor: Animal skin       |    25 |    20 |       ||    45
       Chain mail        |       |   112 |   376 ||   488
Dodge: Dodged            |    74 |   126 |   312 ||   512
       Deflected         |       |     2 |     1 ||     3
